Map: Ascension to Aiur LE

Players

BackupC (Dolan)

  • Race: Terran Terran
  • Spawn Location: 5:00

Harstem - Winner!

  • Race: Protoss Protoss
  • Spawn Location: 11:00

Event: WCS Montreal 2017

VOD

Have the link to the VOD?

Description

Time

  • Played on: Sept. 8, 2017, 2:37 p.m.
  • Length: 5:12

All games in this series

Show
View Real Time Build Order
Export as new Build Order

BackupC Terran 

Build Orders: 1/1/1, Liberator Opening 

Get SALT Encoding   

  12  0:00  SCV  
  13  0:13  SCV  
  14  0:18  Supply Depot  
  14  0:25  SCV  
  15  0:41  Barracks  
  15  0:45  Refinery  
  15  0:47  SCV  
  16  0:53  Refinery  
  16  0:59  SCV  
  17  1:11  SCV  
  18  1:28  Orbital Command, Reaper  
  19  1:41  Factory  
  19  1:48  Supply Depot  
  19  1:54  SCV  
  19  2:00  Barracks Reactor  
  20  2:06  SCV  
  21  2:22  SCV  
  22  2:27  Starport, Supply Depot  
  22  2:28  Factory Tech Lab  
  22  2:34  SCV  
  22  2:36  Marine x2  
  25  2:46  SCV  
  26  2:54  Siege Tank  
  26  2:57  Engineering Bay  
  28  3:00  Marine  
  28  3:01  Marine  
  30  3:08  Medivac  
  32  3:18  Marine  
  32  3:19  Marine  
  34  3:21  Supply Depot  
  34  3:26  Missile Turret  
  24  3:50  Liberator  
  14  4:36  Marine x2  
Show
View Real Time Build Order
Export as new Build Order

Harstem Protoss - Winner!

Build Orders: Oracle Opening 

Get SALT Encoding   

  12  0:09  Pylon  
  12  0:12  Probe (Chrono Boost)  
  13  0:27  Gateway  
  13  0:30  Probe (Chrono Boost)  
  14  0:36  Assimilator  
  14  0:41  Probe (Chrono Boost)  
  15  0:47  Assimilator  
  15  0:51  Probe (Chrono Boost)  
  16  1:02  Probe (Chrono Boost)  
  17  1:12  Probe (Chrono Boost)  
  17  1:15  Cybernetics Core  
  18  1:23  Probe (Chrono Boost)  
  19  1:30  Pylon  
  19  1:35  Probe (Chrono Boost)  
  21  1:52  Mothership Core (Chrono Boost)  
  22  1:57  Stargate  
  22  2:07  Adept (Chrono Boost)  
  25  2:15  Probe  
  25  2:23  Pylon  
  25  2:27  Probe (Chrono Boost)  
  26  2:40  Oracle (Chrono Boost)  
  29  2:47  Stalker  
  29  2:49  Warp Gate  
  31  2:57  Pylon  
  31  3:12  Oracle (Chrono Boost)  
  35  3:18  Pylon  
  35  3:19  Probe  
  35  3:34  Gateway  
  35  3:44  Gateway  
  35  3:57  Pylon  
  35  4:11  Pylon  
  35  4:15  Oracle (Chrono Boost)  
  36  4:32  Probe  
  36  4:34  Pylon  
  37  4:51  Probe  
  38  4:56  Stalker  
  43  5:07  Stalker  
  43  5:08  Stalker  
Tags
 
Add a new tag
Caveats
  • Supply blocks, unpowered buildings, or Contaminate may cause inaccurate times.
  • Supply counts are checked every 10 seconds.